 Dungeon Crawl Stone Soup version 0.27.1-3-gb3d3a73c9e (webtiles) character file.

Game seed: 16113207706304240193

135 Urokeeper the Sneak (level 5, -1/30 HPs)
             Began as a Kobold Brigand on Oct 13, 2021.
             Slain by Grinder (6 damage)
             ... on level 3 of the Dungeon.
             The game lasted 00:05:52 (2502 turns).

Urokeeper the Sneak (Kobold Brigand)                Turns: 2502, Time: 00:05:53

Health: -1/30      AC:  4    Str:  9    XL:     5   Next: 41%
Magic:  5/5        EV: 14    Int: 12    God:
Gold:   65         SH:  0    Dex: 17    Spells: 4/4 levels left

rFire    + . .     SeeInvis .   i - +1 dagger (freeze)
rCold    x . .     Faith    .   (shield restricted)
rNeg     . . .     Spirit   .   b - +0 robe
rPois    .         Reflect  .   (no helmet)
rElec    .         Harm     .   c - +0 cloak
rCorr    .         Rampage  .   (no gloves)
Will     .....                  l - +0 pair of boots
Stlth    +++++.....             (no amulet)
HPRegen  0.10/turn              o - ring of fire
MPRegen  0.09/turn              (no ring)

@: no status effects
A: small, no large weapons, nightstalker 3
a: no special abilities


You were on level 3 of the Dungeon.
You visited 1 branch of the dungeon, and saw 3 of its levels.

You collected 65 gold pieces.

Inventory:

Hand Weapons
 a - a +2 dagger
 i - a +1 dagger of freezing (weapon)
Missiles
 d - 8 poisoned darts (quivered)
Armour
 b - a +0 robe (worn)
 c - a +0 cloak (worn)
 l - a +0 pair of boots (worn)
Jewellery
 h - an amulet of faith
 o - a ring of fire (left hand)
Scrolls
 k - a scroll of fog {unknown}
 q - a scroll of enchant weapon {unknown}
 r - a scroll of torment {unknown}
 s - a scroll of holy word {unknown}
 t - 2 scrolls of identify {unknown}
Potions
 f - a potion of resistance
 g - 2 potions of cancellation {unknown}
 j - 3 potions of might {unknown}
 m - a potion of brilliance {unknown}
 n - 2 potions of curing {unknown}
 p - a potion of lignification {unknown}


   Skills:
 - Level 2.1 Fighting
 + Level 5.2 Short Blades
 - Level 2.1 Throwing
 - Level 1.2 Dodging
 + Level 7.2 Stealth


You had 4 spell levels left.
You didn't know any spells.
Your spell library was empty.

Dungeon Overview and Level Annotations

Branches:
Dungeon (3/15)

Altars:
Ru
Beogh

Shops:
D:2 (

Annotations:
D:2 1 runed translucent door, Crazy Yiuf
D:3 Grinder


Innate Abilities, Weirdness & Mutations

You are small and have problems with some larger weapons.
You are completely attuned to the shadows.


Message History

You hit Grinder but do no damage.
Grinder is lightly wounded.
Grinder gestures at you. Pain shoots through your body!
You hit Grinder but do no damage.
Grinder is lightly wounded.
You completely miss Grinder.
Grinder is lightly wounded.
Grinder blinks!
Found 8 gold pieces.
You see here a curare-tipped dart.
Found 16 gold pieces.
e - a curare-tipped dart Grinder blinks!
You see here a curare-tipped dart.
e - 2 curare-tipped darts (gained 1)
There are no items here.
Unknown command.
Throw: 2 darts (curare)
Press: ? - help, Q - select action, (/) - cycle Shift-Dir - straight line, f/p - Grinder
Aim: Grinder (lightly wounded, 58% to hit)
You throw a curare-tipped dart. The curare-tipped dart hits Grinder.
Grinder is lightly wounded.
Throw: dart (curare)
Press: ? - help, Q - select action, (/) - cycle Shift-Dir - straight line, f/p - Grinder
Aim: Grinder (lightly wounded, 58% to hit)
You throw a curare-tipped dart.
The curare-tipped dart completely misses Grinder.
Grinder misses you.
You closely miss Grinder.
Grinder is lightly wounded.
Grinder closely misses you.
You hit Grinder.
Grinder is lightly wounded.
A goblin comes into view. It is wielding a +0 club.
Grinder says, "Don't move a muscle."
Grinder hits you.
* * * LOW HITPOINT WARNING * * *
You writhe in agony.
You die...

#.# ..# #.# #.#
#..# #.# #.#
.... .#
#.###5##....
#.######..@....$
#........###..$.
#.#.†##### ..g.
##<# ##.# #.# .#
#.# #.# #.# #.#


You could see Grinder and a goblin (wandering).

Vanquished Creatures
  An orc wizard (D:3)
  Natasha (twice) (D:2)
  An adder (D:2)
  A dart slug (D:1)
  4 orcs (D:3)
  6 bats
  4 endoplasms
  5 giant cockroaches (D:1)
  2 goblins (D:1)
  3 hobgoblins
  A quokka (D:2)
  6 ball pythons
  4 kobolds
  3 rats (D:1)
43 creatures vanquished.

Notes
Turn   | Place    | Note
-------+----------+-------------------------------------------
     0 | D:1      | Urokeeper the Kobold Brigand began the quest for the Orb.
     0 | D:1      | Reached XP level 1. HP: 12/12 MP: 1/1
   166 | D:1      | Reached XP level 2. HP: 17/17 MP: 2/2
   785 | D:1      | Reached XP level 3. HP: 21/21 MP: 3/3
   801 | D:1      | Reached skill level 6 in Stealth
  1014 | D:1      | Found a faded altar of an unknown god.
  1636 | D:2      | Found Potyh's Antique Weapon Emporium.
  1724 | D:2      | Found a sacrificial altar of Ru.
  1726 | D:2      | Noticed Natasha
  1730 | D:2      | Killed Natasha
  1731 | D:2      | Reached XP level 4. HP: 26/26 MP: 4/4
  1923 | D:2      | Found a runed translucent door.
  1926 | D:2      | Noticed Crazy Yiuf
  2118 | D:2      | Noticed Natasha
  2130 | D:2      | Killed Natasha
  2131 | D:2      | Reached XP level 5. HP: 23/30 MP: 5/5
  2436 | D:3      | Reached skill level 7 in Stealth
  2440 | D:3      | Reached skill level 5 in Short Blades
  2480 | D:3      | Noticed Grinder
  2502 | D:3      | Slain by Grinder

Illustrated notes

Levels and vault maps discovered:
D:1:      amcnicky_arrival_gap_in_the_tavern_cellar, layout_loops_corners,
          hellmonk_ecumenical_altar_defaced_shrine, minmay_distorted
D:2:      layout_loops_ring, serial_shops, nicolae_shop_statue_plus,
          basic_altar, chequers_garden, minmay_misc_feat_diagonals,
          uniq_crazy_yiuf_cottage, uniq_natasha
D:3:      layout_loops_ring, minitemple, serial_aquarium, aquarium_bridge_square
          [aquarium_subvault_bridge, aquarium_subvault_wall,
          aquarium_subvault_wall, aquarium_subvault_window],
          aquarium_bridge_long_joined [aquarium_subvault_wall,
          aquarium_subvault_wall, aquarium_subvault_window,
          aquarium_subvault_window, aquarium_subvault_bridge,
          aquarium_subvault_wall], aquarium_window_corner, aquarium_window_1,
          aquarium_window_2, aquarium_view_2g, aquarium_view_2c, uniq_grinder,
          uniq_ijyb

Skill      XL: |  1  2  3  4  5 |
---------------+----------------+-----
Short Blades   | 3 4 5 |  5.2
Stealth        | 6 7 |  7.2
Fighting       | |  2.1
Throwing       | |  2.1
Dodging        | |  1.2

Action                   |  1- 3 |  4- 6 || total
-------------------------+-------+-------++-------
Melee: Dagger            |    76 |    31 ||   107
Throw: Dart              |     1 |     5 ||     6
 Stab: Sleeping          |    20 |    11 ||    31
Armor: Robe              |     7 |     1 ||     8
Dodge: Dodged            |    43 |    13 ||    56
